 Dungeon Crawl Stone Soup version 0.29.1-15-g9cfb28693d (webtiles) character file.

Game seed: 4678993579386124029

34 hawla the Firebug (level 3, -2/26 HPs)
             Began as a Meteoran Fire Elementalist on Mar 5, 2023.
             Slain by an orc
             ... wielding a +0 mace
              (7 damage)
             ... on level 3 of the Dungeon.
             The game lasted 00:02:18 (559 turns).

hawla the Firebug (Meteoran Fire Elementalist)       Turns: 559, Time: 00:02:19

Health: -2/26      AC:  2    Str:  9    XL:     3   Next: 73%
Magic:  8/8        EV: 12    Int: 19    God:
Gold:   134        SH:  0    Dex: 14    Spells: 5/8 levels left

rFire   . . .      SeeInvis .   (no weapon)
rCold   . . .      Faith    .   (no shield)
rNeg    . . .      Spirit   .   a - +0 robe
rPois   .          Reflect  .   (no helmet)
rElec   .          Harm     .   (no cloak)
rCorr   .          Rampage  .   (no gloves)
Will    .....                   (no boots)
Stlth   +.........              (no amulet)
HPRegen 0.08/turn               (no ring)
MPRegen 0.11/turn               (no ring)

@: very slightly contaminated, glowing
A: sense surroundings 1, otherworldly, glowing, explore regen
a: no special abilities


You were on level 3 of the Dungeon.
You visited 1 branch of the dungeon, and saw 4 of its levels.

You collected 134 gold pieces.

Inventory:

Armour
 a - a +0 robe (worn)
Jewellery
 h - a ring of resist corrosion
Scrolls
 c - a scroll of summoning {unknown}
 e - 3 scrolls of amnesia {unknown}
 f - 2 scrolls of identify {unknown}
 g - a scroll of poison {unknown}
Potions
 d - a potion of mutation {unknown}


   Skills:
 + Level 2.6 Dodging
 - Level 1.4 Stealth
 + Level 3.4 Spellcasting
 + Level 1.3 Conjurations
 + Level 4.5 Fire Magic


You had 5 spell levels left.
You knew the following spells:

 Your Spells              Type           Power      Damage    Failure   Level
a - Foxfire               Conj/Fire      56%        2x1d6     4%          1
b - Scorch                Fire           40%        2d7       3%          2

Your spell library contained the following spells:

 Spells                   Type           Power      Damage    Failure   Level
 Conjure Flame            Conj/Fire      14%        6-21      13%         3
 Inner Flame              Hex/Fire       11%        N/A       17%         3
 Flame Wave               Conj/Fire      14%        2d6       41%         4


Dungeon Overview and Level Annotations

Branches:
Dungeon (4/15) Zot: 1838
 Temple: D:4-7

Altars:


Innate Abilities, Weirdness & Mutations

You passively map a small area around you.
You are easily found by Zot.
You glow in the dark.
You regain HP and MP as you explore.


Message History

Found a flail.
There is a stone staircase leading up here.
Casting: Foxfire (safe; 4% risk of failure)
Confirm with . or Enter, or press ? or * to list all spells.
You conjure some foxfire!
Casting: Foxfire (safe; 4% risk of failure)
Confirm with . or Enter, or press ? or * to list all spells.
You conjure some foxfire!
The foxfire hits the orc.
The orc is moderately wounded.
The foxfire hits the orc but does no damage.
The orc is moderately wounded.
Unknown command.
Casting: Foxfire (safe; 4% risk of failure)
Confirm with . or Enter, or press ? or * to list all spells.
Flames lash the goblin.
You kill the goblin!
The foxfire hits the orc but does no damage.
The orc is moderately wounded.
The foxfire hits the orc but does no damage.
The orc is moderately wounded.
The orc priest begins to cast a cantrip, but forgets the words!
Casting: Scorch (safe; 3% risk of failure)
Confirm with . or Enter, or press ? or * to list all spells.
You miscast Foxfire.
You are very lightly contaminated with residual magic.
Nothing appears to happen.
The orc hits you but does no damage. The orc hits you with a +0 mace.
The orc hits you with a +0 flail. The orc hits you with a +0 club.
You climb upwards.
There is a stone staircase leading down here.
Casting: Foxfire (safe; 4% risk of failure)
Confirm with . or Enter, or press ? or * to list all spells.
Flames lash the orc.
You kill the orc!
The orc hits you with a +0 club. The orc hits you with a +0 mace.
Unknown command.
Magic courses through your body. The orc hits you with a +0 club.
* * * LOW HITPOINT WARNING * * *
The orc hits you with a +0 mace!
You die...

* #..# .# ##
#..####.# #.# * .#
#....##.#*#(#* .#
#.##.##.# <.. , ,
.# #.##.##.#*#.# *
* .# #.##.##.# #.#
.###.##....###.##
*
.'..[####...##.)##
* .#####
##.....o@# .#
#.#####o# .# #.#
#.# .# #.# #.# .#
#.# #.# .# #.# *
#.# .# #.. ..# ##
### ###


You could see 2 orcs.

Vanquished Creatures
  2 dart slugs (D:3)
  2 orcs (D:3)
  A ball python (D:1)
  2 bats (D:1)
  2 endoplasms
  A goblin (D:4)
  8 hobgoblins
  2 quokkas
  A frilled lizard (D:3)
  2 rats (D:1)
23 creatures vanquished.

Vanquished Creatures (others)
  44 foxfires
  5 toadstools (D:1)
49 creatures vanquished.

Grand Total: 72 creatures vanquished

Notes
Turn   | Place    | Note
-------+----------+-------------------------------------------
     0 | D:1      | hawla the Meteoran Fire Elementalist began the quest for
                  | the Orb.
     0 | D:1      | Reached XP level 1. HP: 14/14 MP: 5/5
    64 | D:1      | Reached skill level 4 in Fire Magic
    64 | D:1      | Reached XP level 2. HP: 20/20 MP: 1/6
    67 | D:1      | Learned a level 2 spell: Scorch
   335 | D:3      | Reached XP level 3. HP: 23/26 MP: 2/8
   559 | D:3      | Slain by an orc

Illustrated notes

Levels and vault maps discovered:
D:1:      ldierk_walled_garden, layout_loops_ring,
          dreamdust_ecumenical_altar_statues, dreamdust_wishing_well
D:2:      layout_loops_corners
D:3:      layout_basic, uniq_crazy_yiuf_cottage
D:4:      layout_cave_pools, nicolae_qazlal_general_emergency,
          roderic_serpentine_path, kennysheep_cross_bottleneck

Skill      XL: |  1  2 |
---------------+-------+-----
Fire Magic     | 4 |  4.5
Spellcasting   | 3 |  3.4
Dodging        | |  2.6
Stealth        | |  1.4
Conjurations   | |  1.3

Action                   || total
-------------------------++-------
Melee: Unarmed           ||     4
 Cast: Foxfire           ||    26
       Scorch            ||    12
  Use: Potion            ||     1
Armor: Robe              ||     2
Dodge: Dodged            ||     9
